 Dungeon Crawl Stone Soup version 0.23.1-37-gaa34b87 (webtiles) character file.

Game seed: 9141427871761228787

14352 redwoodhats the Basher (level 12, -5/102 HPs)
             Began as a Gargoyle Fighter on Mar 23, 2019.
             Slain by a snapping turtle (11 damage)
             ... on level 1 of the Shoals.
             The game lasted 00:53:58 (11977 turns).

redwoodhats the Basher (Gargoyle Fighter)          Turns: 11977, Time: 00:53:59

Health: -5/102     AC: 26    Str: 22    XL:     12   Next: 15%
Magic:  14/14      EV:  2    Int: 11    God:
Gold:   560        SH:  0    Dex: 10    Spells: 13/14 levels left

rFire    . . .     SeeInvis +   Y - +4 dire flail
rCold    . . .     Gourm    .   (shield currently unavailable)
rNeg     + + +     Faith    .   (armour currently unavailable)
rPois    ∞         Spirit   .   (helmet currently unavailable)
rElec    .         Reflect  .   (cloak currently unavailable)
rCorr    .         Harm     .   (gloves currently unavailable)
MR       .....     Clarity  +   (boots currently unavailable) Stlth ++........NoTele +
                                (no amulet)
HPRegen  0.27/turn              M - ring of wizardry
MPRegen  0.14/turn              B - ring of wizardry

@: tree-form, hasted, very quick
A: see invisible, clarity, frail 1, negative energy resistance 1, petrification
resistance, rot immunity, subdued magic 1, AC +8
a: no special abilities


You were on level 1 of the Shoals.
You were not hungry.
You were a tree.
You visited 3 branches of the dungeon, and saw 13 of its levels.
You also visited: Sewer.

You collected 560 gold pieces.

Inventory:

Hand Weapons
 a - a +0 flail
 g - a +2 hunting sling of velocity
 l - a cursed -2 spear
 r - a +0 hand crossbow
 v - a +3 mace of crushing
 A - the +6 whip "Vuppuwi" {venom, rF+ Int+2}
   (You found it on level 4 of the Dungeon)

   It poisons the flesh of those it strikes.
   It affects your intelligence (+2).
   It protects you from fire.
 G - a +0 lajatang
 J - a cursed -3 rapier
 Q - a +2 morningstar of protection
 V - a +0 falchion of electrocution
 W - a +3 flail
 Y - a +4 dire flail (weapon)
Missiles
 o - 109 sling bullets
 p - 4 javelins (quivered)
 s - 37 bolts
 H - 2 throwing nets
 I - 2 tomahawks
 N - 12 tomahawks of returning
Armour
 b - a +0 scale mail
 c - a +1 shield
 d - a +2 buckler
 i - a +0 cloak (melded)
 k - +1 storm dragon scales (melded)
 D - a +2 leather armour of poison resistance
 P - a +0 pair of boots (melded)
Magical Staves
 K - an uncursed staff of power
Jewellery
 y - an uncursed ring of fire
 B - a ring of wizardry (right branch)
 M - a ring of wizardry (left branch)
 X - a -3 ring of strength
Wands
 q - a wand of digging (7)
 C - a wand of paralysis (16)
 O - a wand of polymorph (10)
 S - a wand of random effects (32)
 Z - a wand of disintegration (17)
Scrolls
 j - 4 scrolls of identify
 m - 3 scrolls of teleportation
 n - 2 scrolls of fog
 u - 2 scrolls of random uselessness
 w - a scroll of amnesia
 E - 4 scrolls of remove curse
Potions
 e - a potion of invisibility
 t - 2 potions of flight
 z - a potion of degeneration
 L - 2 potions of lignification
 R - 3 potions of magic
 T - a potion of cancellation
Comestibles
 f - 17 rations


   Skills:
 + Level 9.0 Fighting
 + Level 11.4(11.5) Maces & Flails
 + Level 1.8(7.6) Staves
 + Level 6.0(6.1) Slings
 + Level 1.5(4.1) Throwing
 + Level 9.4 Armour
 + Level 3.0 Dodging
 + Level 1.4 Stealth
 + Level 8.2 Shields
 + Level 1.9 Spellcasting
 + Level 1.6 Ice Magic


You had 13 spell levels left.
You knew the following spells:

 Your Spells              Type           Power        Failure   Level  Hunger
a - Freeze                Ice            #...         3%          1    ##.....

Your spell library contained the following spells:

 Spells                   Type           Power        Failure   Level  Hunger
 Throw Frost              Conj/Ice       #.....       8%          2    ###....
 Ozocubu's Armour         Chrm/Ice       #.......     16%         3    ####...
 Summon Ice Beast         Ice/Summ       #.......     43%         4    #####..
 Throw Icicle             Conj/Ice       #.......     43%         4    #####..


Dungeon Overview and Level Annotations

Branches:
Dungeon (9/15)             Temple (0/1) D:5            Lair (3/6) D:9
 Shoals (1/4) Lair:3
  Snake: Lair:2-4    Spider: Lair:2-4       Orc: D:9-12

Altars:
Dithmenos
Fedhas
Hepliaklqana
Ru
Vehumet
Yredelemnul

Shops:
D:5 =


Innate Abilities, Weirdness & Mutations

You are resistant to torment.
((Your stone body is resilient. (AC +8)))
You are immune to poison.
You resist negative energy. (rN+)
((You are resistant to electric shocks. (rElec)))
((You can survive without breathing.))
You are immune to petrification.
You are immune to rotting.
You have supernaturally acute eyesight. (SInv)
You possess an exceptional clarity of mind.
((Your flesh is cold resistant. (rC+)))
You are frail. (-10% HP)
Your spells are a little easier to cast, but a little less powerful.


Message History

Your roots penetrate the ground.
The wind drake bites you but does no damage.
The snapping turtle bites you but does no damage.
You feel yourself speed up.
The wind drake exhales a fierce blast of wind!
The snapping turtle bites you but does no damage.
You closely miss the wind drake.
The wind drake is heavily wounded.
The wind drake bites you but does no damage.
You bludgeon the wind drake!!
The wind drake is severely wounded.
The snapping turtle bites you but does no damage.
You closely miss the wind drake.
The wind drake is severely wounded.
The wind drake bites you.
* * * LOW HITPOINT WARNING * * *
You sock the wind drake!
The wind drake is almost dead.
The snapping turtle bites you from afar!
You die...

≈≈≈(≈≈≈≈≈≈≈≈≈≈≈
≈≈≈≈≈≈≈≈≈≈≈≈≈≈≈
≈≈≈≈≈≈≈≈≈≈≈≈≈≈≈
≈≈≈≈≈≈≈≈≈≈≈≈≈≈≈
≈≈≈≈≈≈≈≈≈≈≈≈≈≈≈
≈≈≈≈≈≈(≈≈≈≈≈≈≈≈
≈≈≈≈≈≈≈≈≈t≈≈≈≈≈
≈≈≈≈≈≈≈k≈≈≈≈≈≈≈
≈≈≈≈≈≈≈♣##..≈≈≈
≈≈.....## ..≈
≈≈.###. ≈ ≈. #.
≈ !. .. ... ≈≈≈


You could see a snapping turtle and a wind drake.

Vanquished Creatures
  Harold (D:7)
  2 hydras
  A two-headed ogre (D:8)
  A sea snake (Shoals:1)
  7 spiny frogs
  3 komodo dragons
  3 hippogriffs
  12 yaks (Lair:1)
  A hungry ghost (D:8)
  Duvessa (D:6)
  4 porcupines
  An orc warrior (D:8)
  2 sky beasts
  An ice beast (D:7)
  2 black bears
  3 ogres
  A phantom (D:5)
  A necrophage (D:8)
  19 wolves (Lair:2)
  6 crocodiles
  4 centaurs
  A big kobold (D:7)
  A wyvern zombie (D:6)
  4 bullfrogs
  Dowan (D:6)
  2 scorpions
  A water moccasin skeleton (D:7)
  8 wights (D:8)
  2 crimson imps
  2 howler monkeys
  4 hounds
  2 centaur zombies
  2 jellies (D:6)
  5 orc priests
  A centaur skeleton (D:8)
  2 bullfrog skeletons
  Ijyb (D:3)
  Terence (D:2)
  5 orc wizards
  8 worker ants
  A killer bee zombie (D:7)
  A hound zombie (D:5)
  2 howler monkey skeletons (D:8)
  10 adders
  An ooze (D:3)
  2 adder zombies (D:6)
  2 adder skeletons (D:5)
  5 worms
  2 dart slugs (D:1)
  8 leopard geckos
  17 orcs
  2 ball pythons
  4 bats
  10 giant cockroaches
  7 goblins
  12 hobgoblins
  2 jackals (Sewer)
  22 kobolds
  3 quokkas
  5 frilled lizards
  A leopard gecko zombie (D:5)
  A quokka skeleton (D:4)
  A quokka zombie (D:5)
  6 rats
  A spectral orc (D:2)
257 creatures vanquished.

Vanquished Creatures (others)
  A kobold (D:7)
  2 fungi (Lair:2)
3 creatures vanquished.

Grand Total: 260 creatures vanquished

Notes
Turn   | Place    | Note
-------+----------+-------------------------------------------
     0 | D:1      | redwoodhats the Gargoyle Fighter began the quest for the
                  | Orb.
     0 | D:1      | Reached XP level 1. HP: 14/14 MP: 1/1
   160 | D:1      | Reached XP level 2. HP: 19/19 MP: 2/2
   671 | D:1      | Reached XP level 3. HP: 23/24 MP: 3/3
  1618 | D:2      | Reached XP level 4. HP: 29/29 MP: 4/4
  1729 | D:2      | Noticed Terence
  1754 | D:2      | Killed Terence
  1867 | D:2      | Reached skill level 3 in Maces & Flails
  1867 | D:2      | Reached XP level 5. HP: 16/33 MP: 5/5
  2069 | D:2      | Reached skill level 1 in Dodging
  2127 | D:2      | Found a sacrificial altar of Ru.
  2195 | D:2      | Found a basalt altar of Yredelemnul.
  2404 | D:3      | Reached skill level 1 in Slings
  2468 | D:3      | Found a radiant altar of Vehumet.
  2568 | D:3      | Noticed Ijyb
  2580 | D:3      | Killed Ijyb
  2580 | D:3      | Reached XP level 6. HP: 39/39 MP: 6/6
  2658 | D:3      | Found a glowing drain.
  2689 | Sewer    | Entered a sewer
  3226 | D:3      | Found a radiant altar of Vehumet.
  3498 | D:4      | Reached XP level 7. HP: 44/44 MP: 7/7
  3728 | D:4      | Got an ichor-stained whip
  3730 | D:4      | Identified the +6 whip "Vuppuwi" {venom, rF+ Int+2} (You
                  | found it on level 4 of the Dungeon)
  4051 | D:4      | Found a basalt altar of Yredelemnul.
  4281 | D:4      | Gained mutation: You have a pair of small horns on your
                  | head. [potion of mutation]
  4281 | D:4      | Gained mutation: You possess an exceptional clarity of
                  | mind. [potion of mutation]
  4281 | D:4      | Gained mutation: Your spells are a little easier to cast,
                  | but a little less powerful. [potion of mutation]
  4281 | D:4      | Gained mutation: You have a pair of horns on your head.
                  | [potion of mutation]
  4326 | D:5      | Entered Level 5 of the Dungeon
  4380 | D:5      | Found a staircase to the Ecumenical Temple.
  4535 | D:5      | Lost mutation: You have a pair of horns on your head.
                  | [potion of mutation]
  4535 | D:5      | Lost mutation: You have a pair of small horns on your head.
                  | [potion of mutation]
  4535 | D:5      | Gained mutation: Your flesh is cold resistant. (rC+)
                  | [potion of mutation]
  4535 | D:5      | Gained mutation: Your flesh is very cold resistant. (rC++)
                  | [potion of mutation]
  4535 | D:5      | Gained mutation: You are somewhat resistant to further
                  | mutation. [potion of mutation]
  4594 | D:5      | Found a blossoming altar of Fedhas.
  4684 | D:5      | Reached skill level 4 in Maces & Flails
  4925 | D:5      | Found Rosm's Jewellery Shoppe.
  4975 | D:5      | Reached skill level 5 in Shields
  4975 | D:5      | Reached XP level 8. HP: 48/48 MP: 8/8
  4981 | D:5      | Reached skill level 5 in Fighting
  5268 | D:6      | Noticed Duvessa
  5268 | D:6      | Noticed Dowan
  5283 | D:6      | Killed Duvessa
  5283 | D:6      | Reached skill level 5 in Armour
  5287 | D:6      | Killed Dowan
  5323 | D:6      | Reached skill level 1 in Stealth
  5337 | D:6      | Reached skill level 5 in Slings
  5573 | D:6      | Lost mutation: Your flesh is very cold resistant. (rC++)
                  | [potion of mutation]
  5573 | D:6      | Lost mutation: You are somewhat resistant to further
                  | mutation. [potion of mutation]
  5573 | D:6      | Gained mutation: You are frail. (-10% HP) [potion of
                  | mutation]
  5573 | D:6      | Gained mutation: You have supernaturally acute eyesight.
                  | (SInv) [potion of mutation]
  5681 | D:6      | Found a hazy altar of Hepliaklqana.
  6303 | D:7      | Reached skill level 5 in Maces & Flails
  6303 | D:7      | Reached XP level 9. HP: 46/48 MP: 9/9
  6820 | D:7      | Noticed Harold
  6840 | D:7      | Killed Harold
  6840 | D:7      | Reached skill level 6 in Maces & Flails
  7148 | D:7      | Learned a level 1 spell: Freeze
  7149 | D:8      | Noticed a two-headed ogre
  7158 | D:8      | Reached skill level 7 in Maces & Flails
  7184 | D:8      | Killed a two-headed ogre
  7184 | D:8      | Reached XP level 10. HP: 19/54 MP: 10/10
  7544 | D:8      | Reached skill level 8 in Maces & Flails
  7941 | D:8      | Found a shadowy altar of Dithmenos.
  8652 | D:9      | Found a staircase to the Lair.
  8664 | Lair:1   | Entered Level 1 of the Lair of Beasts
  8691 | Lair:1   | Noticed a spiny frog
  8713 | Lair:1   | Killed a spiny frog
  8938 | Lair:1   | Reached skill level 1 in Staves
  9013 | Lair:1   | Noticed a four-headed hydra
  9039 | Lair:1   | Killed a four-headed hydra
  9039 | Lair:1   | Reached skill level 9 in Maces & Flails
  9039 | Lair:1   | Reached skill level 1 in Spellcasting
  9039 | Lair:1   | Reached skill level 1 in Ice Magic
  9046 | Lair:1   | Reached XP level 11. HP: 14/60 MP: 10/12
 10242 | Lair:2   | Reached skill level 10 in Maces & Flails
 10286 | Lair:2   | Reached skill level 1 in Throwing
 10315 | Lair:2   | Noticed a five-headed hydra
 10326 | Lair:2   | Killed a five-headed hydra
 11185 | Lair:2   | Reached skill level 11 in Maces & Flails
 11570 | Lair:3   | Reached XP level 12. HP: 65/67 MP: 14/14
 11929 | Lair:3   | Found a staircase to the Shoals.
 11951 | Shoals:1 | Entered Level 1 of the Shoals
 11977 | Shoals:1 | Slain by a snapping turtle

Skill      XL: |  1  2  3  4  5  6  7  8  9 10 11 12 |
---------------+-------------------------------------+-----
Shields        | 4 5 6 7 8 |  8.2
Fighting       | 4 5 6 7 8 9 |  9.0
Maces & Flails | 3 4 5 7 9 11 | 11.4
Dodging        | 1 2 3 |  3.0
Slings         | 1 2 4 5 6 |  6.0
Armour         | 4 5 6 7 9 |  9.4
Stealth        | 1 |  1.4
Staves         | 1 |  1.8
Spellcasting   | 1 |  1.9
Ice Magic      | 1 |  1.6
Throwing       | 1 |  1.5

Action                   |  1- 3 |  4- 6 |  7- 9 | 10-12 || total
-------------------------+-------+-------+-------+-------++-------
Melee: Flail             |   135 |   228 |       |     9 ||   372
       Mace              |       |     4 |       |       ||     4
       Whip              |       |       |   160 |    48 ||   208
       Hunting sling     |       |       |     3 |       ||     3
       Morningstar       |       |       |   133 |    76 ||   209
       Dire flail        |       |       |       |   417 ||   417
       Lajatang          |       |       |       |    12 ||    12
 Fire: Hunting sling     |     5 |    72 |    43 |     4 ||   124
Throw: Throwing net      |     1 |     4 |     3 |       ||     8
       Javelin           |       |       |       |    19 ||    19
 Cast: Freeze            |       |       |       |    10 ||    10
  Use: Scroll            |     6 |     4 |    14 |     9 ||    33
       Potion            |     1 |     4 |    12 |     8 ||    25
  Eat: Ration            |     1 |     2 |     5 |     5 ||    13
Armor: Scale mail        |   101 |   101 |       |       ||   202
       Storm dragon scal |       |   106 |   173 |   397 ||   676
       Skin              |       |       |       |     5 ||     5
Dodge: Dodged            |    62 |    95 |    78 |   231 ||   466
Block: Shield            |   123 |   201 |   166 |    66 ||   556
